 Dungeon Crawl Stone Soup version 0.29-a0-322-g68df515428 (webtiles) character file.

Game seed: 8264743893302069307

4873 EriolAelfwine the Severer (level 10, -1/88 HPs)
             Began as a Minotaur Fighter on Apr 5, 2022.
             Was a Priest of Okawaru.
             Slain by a warg (4 damage)
             ... on level 8 of the Dungeon.
             The game lasted 00:16:56 (8448 turns).

EriolAelfwine the Severer (Minotaur Fighter)        Turns: 8448, Time: 00:16:56

Health: -1/88      AC: 13    Str: 25    XL:     10   Next: 26%
Magic:  11/11      EV:  7    Int:  5    God:    Okawaru [***...]
Gold:   574        SH: 10    Dex: 10    Spells: 9/9 levels left

rFire   . . .      SeeInvis .   A - +2 broad axe (vorpal)
rCold   . . .      Faith    .   c - +0 buckler
rNeg    . . .      Spirit   .   x - +0 plate armour
rPois   +          Reflect  +   (helmet restricted)
rElec   .          Harm     .   (no cloak)
rCorr   .          Rampage  .   (no gloves)
Will    .....                   (no boots)
Stlth   ..........              o - amulet of reflection
HPRegen 0.24/turn               t - ring of poison resistance
MPRegen 0.12/turn               (no ring)

@: no status effects
A: horns 2, retaliatory headbutt
a: Renounce Religion, Heroism


You were on level 8 of the Dungeon.
You worshipped Okawaru.
Okawaru was most pleased with you.
You visited 1 branch of the dungeon, and saw 8 of its levels.

You collected 574 gold pieces.

Inventory:

Hand Weapons
 u - a +0 flail
 A - a +2 vorpal broad axe (weapon)
Armour
 c - a +0 buckler (worn)
 x - a +0 plate armour (worn)
Jewellery
 k - a ring of fire
 o - an amulet of reflection (around neck)
 t - a ring of poison resistance (left hand)
 y - an amulet of guardian spirit
Wands
 b - a wand of acid (12)
 q - a wand of polymorph (12)
 s - a wand of iceblast (17)
Scrolls
 h - 3 scrolls of immolation {unknown}
 i - 3 scrolls of brand weapon {unknown}
 j - a scroll of enchant weapon {unknown}
 l - 5 scrolls of fear
 n - a scroll of amnesia {unknown}
 p - a scroll of teleportation {unknown}
 v - 2 scrolls of fog {unknown}
Potions
 d - 4 potions of might
 e - a potion of berserk rage {unknown}
 f - 8 potions of curing
 g - 5 potions of heal wounds
 m - a potion of cancellation
 r - 2 potions of attraction
 w - a potion of haste {unknown}
 z - a potion of resistance {unknown}


   Skills:
 + Level 8.0 Fighting
 + Level 15.0 Axes
 + Level 8.0 Armour
 + Level 8.0 Shields
 + Level 2.7 Invocations


You had 9 spell levels left.
You didn't know any spells.
Your spell library contained the following spells:

 Spells                   Type           Power      Damage    Failure   Level
 Summon Small Mammal      Summ           Unusable   N/A       N/A         1
 Call Canine Familiar     Summ           Unusable   N/A       N/A         3
 Summon Guardian Golem    Hex/Summ       Unusable   N/A       N/A         3

Dungeon Overview and Level Annotations

Branches:
Dungeon (8/15)             Temple (0/1) D:6            Lair (0/6) D:8

Altars:
Ashenzari
Cheibriados
Hepliaklqana
Kikubaaqudgha
Okawaru
Sif Muna
Zin
The Shining One

Annotations:
D:8 1 runed translucent door, qborf's ghost, novice DDFi


Innate Abilities, Weirdness & Mutations

You have a pair of horns on your head.
You reflexively headbutt those who attack you in melee.


Message History

You block the warg's attack.
The warg pauses to sniff the ground.
You slash the warg! Your headbutt misses the warg.
The warg is heavily wounded.
The warg bites you! You block the warg's attack.
The orc wizard casts a spell.
The orc wizard flickers and vanishes!
Deactivating autopickup; reactivate with Ctrl-A.
The warg bites you! You block the warg's attack. The warg bites you.
You block the warg's attack. x2
The warg pauses to sniff the ground.
The warg bites you! You block the warg's attack.
The warg attacks as you move away! The warg closely misses you.
The orc priest begins to cast a cantrip, but forgets the words!
You block the warg's attack.
You closely miss the warg. You headbutt the warg!
The warg is moderately wounded.
The warg bites you.
You slash the warg!
You headbutt the warg, but do no damage.
The warg is heavily wounded.
The warg bites you.
You hit the warg. Your headbutt misses the warg.
The warg is severely wounded.
The warg bites you!
* * * LOW HITPOINT WARNING * * *
The warg bites you but does no damage. The warg attacks as you move away!
The warg bites you!
* * * LOW HITPOINT WARNING * * *
The warg attacks as you move away! You block the warg's attack.
Things that are here:
a +0 giant club; a +0 giant club The warg attacks as you move away!
You block the warg's attack. The warg attacks as you move away!
You block the warg's attack. The warg attacks as you move away!
The warg bites you!
* * * LOW HITPOINT WARNING * * *
The warg bites you but does no damage. The warg attacks as you move away!
The warg bites you but does no damage. The warg bites you.
You die...

###############
#.............#
#.###########.#
#.# #.# ######
#######.#######
#.# #....#
#.hh@..)[.<>..#
#.# #.##.#
#h#####.#####.#
#.# #.##.# #.#
#.# #.# #.#
#.##.# #h# #.#
#.## #.# #.##.#
#.# #.# #..## #.#
#.##.########o###
#.#####...###.#
......ooo.h.)...#
#...).........#
#..###o.#####.#.#
#######...#####
...# #........#.#
##.##


You could see 3 wargs.

Vanquished Creatures
  A two-headed ogre (D:8)
  Maggie (D:8)
  3 slime creatures (D:8)
  3 water moccasins
  3 orc warriors
  3 ice beasts
  2 black bears (D:6)
  2 sky beasts (D:6)
  An ogre (D:7)
  2 centaurs (D:8)
  2 kobold brigands
  3 phantoms
  3 bullfrogs
  3 necrophages
  3 scorpions
  2 vampire bats (D:4)
  5 jellies
  2 hounds
  2 orc priests
  2 iguanas (D:5)
  7 orc wizards
  Robin (D:2)
  6 adders
  A shadow imp (D:6)
  4 white imps
  A worm (D:3)
  3 dart slugs
  24 orcs
  4 bat skeletons (D:4)
  A bat zombie (D:4)
  6 endoplasms
  A giant cockroach (D:2)
  12 goblins
  11 hobgoblins
  6 jackals
  10 kobolds
  3 quokkas
  7 ball pythons
  8 bats
  2 frilled lizards (D:1)
  A rat (D:2)
  A bush (D:1)
168 creatures vanquished.

Vanquished Creatures (others)
  21 fungi
  17 plants
38 creatures vanquished.

Grand Total: 206 creatures vanquished

Notes
Turn   | Place    | Note
-------+----------+-------------------------------------------
     0 | D:1      | EriolAelfwine the Minotaur Fighter began the quest for the
                  | Orb.
     0 | D:1      | Reached XP level 1. HP: 19/19 MP: 0/0
   133 | D:1      | Found a faded altar of an unknown god.
   454 | D:1      | Reached XP level 2. HP: 25/27 MP: 1/1
  1057 | D:2      | Reached skill level 3 in Axes
  1062 | D:2      | Reached XP level 3. HP: 28/33 MP: 2/2
  1064 | D:2      | Noticed Robin
  1076 | D:2      | Killed Robin
  1436 | D:2      | Reached XP level 4. HP: 41/41 MP: 3/3
  1733 | D:3      | Found a shimmering blue altar of Sif Muna.
  1831 | D:3      | Found a broken altar of Ashenzari.
  2285 | D:4      | Noticed an ice beast
  2381 | D:4      | Reached skill level 13 in Axes
  2381 | D:4      | Reached XP level 5. HP: 47/47 MP: 4/4
  2417 | D:4      | Killed an ice beast
  2418 | D:4      | Reached XP level 6. HP: 53/53 MP: 5/5
  2428 | D:4      | Found a glowing silver altar of Zin.
  2709 | D:4      | Found a hazy altar of Hepliaklqana.
  2770 | D:4      | Reached skill level 5 in Fighting
  2770 | D:4      | Reached skill level 5 in Armour
  2773 | D:4      | Reached XP level 7. HP: 57/61 MP: 6/6
  2930 | D:4      | Reached skill level 5 in Shields
  3226 | D:4      | Found the +4 robe of Augmentation {Str+4 Int+4 Dex+4}
  3241 | D:4      | Found an ancient bone altar of Kikubaaqudgha.
  3553 | D:5      | Entered Level 5 of the Dungeon
  3696 | D:5      | Reached skill level 14 in Axes
  4024 | D:5      | Reached XP level 8. HP: 66/70 MP: 7/7
  4420 | D:5      | Found an iron altar of Okawaru.
  4429 | D:5      | Became a worshipper of Warmaster Okawaru
  4735 | D:6      | Found a staircase to the Ecumenical Temple.
  4755 | D:6      | Noticed an angel
  4777 | D:6      | Found a glowing golden altar of the Shining One.
  5440 | D:6      | Reached * piety under Okawaru
  5752 | D:6      | Noticed a rust devil
  6112 | D:6      | Reached XP level 9. HP: 70/78 MP: 8/8
  6448 | D:7      | Reached ** piety under Okawaru
  6522 | D:7      | Found a snail-covered altar of Cheibriados.
  7083 | D:8      | Noticed a two-headed ogre
  7090 | D:8      | Killed a two-headed ogre
  7091 | D:8      | Reached skill level 1 in Invocations
  7600 | D:8      | Reached *** piety under Okawaru
  7653 | D:8      | Noticed Maggie
  7685 | D:8      | Reached XP level 10. HP: 67/86 MP: 10/10
  7699 | D:8      | Killed Maggie
  7949 | D:8      | HP: 3/88 [large slime creature (31)]
  7951 | D:8      | Reached skill level 15 in Axes
  8366 | D:8      | Found a runed translucent door.
  8370 | D:8      | Noticed qborf's ghost (novice DDFi)
  8371 | D:8      | Identified the +10 trident "Newtslayer" {protect, Fragile
                  | Fly rF+ Will+}
  8418 | D:8      | Found a staircase to the Lair.
  8443 | D:8      | HP: 1/88 [warg (10)]
  8448 | D:8      | Slain by a warg

Illustrated notes

Levels and vault maps discovered:
D:1:      psy_arrival_basics, layout_loops_ring, ebering_ecumenical_altar_webs,
          minmay_misc_feat_hallway, minmay_misc_feat_columns, minmay_hedge_maze,
          dk_noncrumbling_4, minmay_hexomino_c4
D:2:      layout_basic, uniq_robin
D:3:      layout_loops_ring, jmf_multi_god_temple
D:4:      old_forge, layout_basic, kennysheep_vampire_church,
          mainiacjoe_overflow_six_doors_small,
          worldfamousw_hep_ancestral_shrine, hex_medium
D:5:      layout_basic, kennysheep_okawaru_gauntlet
D:6:      layout_basic, mainiacjoe_overflow_tiny_flanked, temple_garden
D:7:      layout_cave_pools, mainiacjoe_overflow_catwalk, grunt_ministairs_13
D:8:      layout_loops_ring, erik_lair_orcish_takeover, serial_shops,
          nicolae_shop_advertising_works [nicolae_subvault_shop_adworks],
          ebering_ghost_funeral_grove, uniq_psyche, uniq_maggie

Skill      XL: |  1  2  3  4  5  6  7  8  9 10 |
---------------+-------------------------------+-----
Shields        | 4 5 6 7 8 |  8.0
Fighting       | 4 5 6 7 8 |  8.0
Armour         | 4 5 6 7 8 |  8.0
Axes           | 3 13 14 15 | 15.0
Invocations    | 2 |  2.7

Action                   |  1- 3 |  4- 6 |  7- 9 | 10-12 || total
-------------------------+-------+-------+-------+-------++-------
Melee: War axe           |   115 |    69 |   286 |    12 ||   482
       Headbutt          |    26 |    10 |    47 |    15 ||    98
       Broad axe         |       |       |       |    19 ||    19
Invok: Heroism           |       |       |     2 |     1 ||     3
  Use: Scroll            |       |     6 |     2 |       ||     8
       Potion            |       |     2 |       |     1 ||     3
Armor: Scale mail        |    27 |    32 |    14 |       ||    73
       Chain mail        |       |       |    63 |       ||    63
       Plate armour      |       |       |    41 |     8 ||    49
Dodge: Dodged            |    57 |    23 |    62 |     2 ||   144
Block: Buckler           |    19 |    34 |   110 |    15 ||   178
       Reflection        |       |       |     4 |       ||     4

Table legend: (Time is in decaauts)
 A = Elapsed time spent in this place.
 B = Non-inter-level travel time spent in this place.
 C = Inter-level travel time spent in this place.
 D = Time resting spent in this place.
 E = Time spent auto-exploring this place.
 F = Levels seen in this place.
 G = Mean time per level.
                   A        B        C        D        E       F      G
               +--------+--------+--------+--------+--------+-----+--------+
         Total |   8443 |   8083 |    360 |      0 |   6822 |   8 | 1055.4 |
       Dungeon |   8443 |   8083 |    360 |      0 |   6822 |   8 | 1055.4 |
               +--------+--------+--------+--------+--------+-----+--------+

Top non-repeatable levels by time:
     D:6: 1643 daAuts
     D:4: 1434 daAuts
     D:8: 1211 daAuts
     D:1: 964 daAuts
     D:5: 879 daAuts
     D:7: 847 daAuts
     D:3: 800 daAuts
     D:2: 663 daAuts
